 Dungeon Crawl Stone Soup version 0.24.0 (webtiles) character file.

Game seed: 14227687418176098043, levelgen mode: deterministic

3150 Faels the Archer (level 9, -3/67 HPs)
             Began as a Centaur Arcane Marksman on Feb 18, 2020.
             Was a Follower of Okawaru.
             Slain by Erica
             ... wielding a +0 scimitar of flaming
              (11 damage)
             ... on level 8 of the Dungeon.
             The game lasted 00:47:45 (11079 turns).

Faels the Archer (Centaur Arcane Marksman)         Turns: 11079, Time: 00:47:45

Health: -3/67      AC: 14    Str: 13    XL:     9   Next: 62%
Magic:  11/11      EV: 10    Int: 14    God:    Okawaru [*.....]
Gold:   405        SH:  0    Dex: 13    Spells: 4/11 levels left

rFire    . . .     SeeInvis .   w - +1 dagger (elec)
rCold    . . .     Gourm    .   (no shield)
rNeg     . . .     Faith    .   e - +0 robe
rPois    .         Spirit   .   m - +2 helmet
rElec    .         Reflect  .   x - +2 cloak {MR+}
rCorr    .         Harm     .   (no gloves)
MR       +....                  (no barding)
Stlth    ++........             (no amulet)
HPRegen  0.21/turn              M - +4 ring of protection
MPRegen  0.12/turn              N - +2 ring of dexterity

@: slowed
A: large, hooves 3, deformed body, speed 2, tough skin 3
a: Heroism, Renounce Religion


You were on level 8 of the Dungeon.
You worshipped Okawaru.
Okawaru was aware of your devotion.
You were not hungry.

You visited 2 branches of the dungeon, and saw 11 of its levels.

You collected 405 gold pieces.

Inventory:

Hand Weapons
 a - a +3 shortbow
 h - a +0 short sword of draining
 w - a +1 dagger of electrocution (weapon)
 B - a +0 long sword
 F - a +0 trident
 J - a +1 antimagic morningstar
 K - a +0 scimitar
 P - a +0 lajatang
 R - a +2 short sword of holy wrath
 U - a +1 dagger of flaming
Missiles
 d - 48 arrows
 t - 14 poisoned darts (quivered)
Armour
 e - a +0 robe (worn)
 m - a +2 helmet (worn)
 x - a +2 cloak of magic resistance (worn)
 L - a cursed -1 leather armour
Jewellery
 g - an uncursed amulet of magic regeneration
 v - an uncursed amulet of faith
 M - a +4 ring of protection (left hand)
 N - a +2 ring of dexterity (right hand)
 Q - a +3 ring of intelligence
Wands
 b - a wand of flame (20)
 H - a wand of paralysis (2)
 S - a wand of acid (9)
Scrolls
 l - 8 scrolls of teleportation
 o - 2 scrolls of fog {unknown}
 q - 2 scrolls of amnesia
 r - a scroll of blinking
 s - a scroll of remove curse
 u - a scroll of fear {unknown}
 y - 4 scrolls of immolation
 C - 2 scrolls of magic mapping
 G - a scroll of random uselessness {unknown}
 I - a scroll of noise
Potions
 c - 3 potions of flight
 i - 3 potions of curing
 j - 2 potions of might {unknown}
 k - 6 potions of resistance
 n - a potion of berserk rage {unknown}
 p - 2 potions of haste {unknown}
 z - a potion of degeneration {unknown}
 D - a potion of cancellation
 E - a potion of ambrosia {unknown}
 O - a potion of brilliance {unknown}
 T - a potion of mutation {unknown}
Comestibles
 f - 4 rations
 A - a chunk of flesh


   Skills:
 - Level 2.1 Fighting
 - Level 3.0 Short Blades
 + Level 12.2 Bows
 - Level 1.8 Dodging
 - Level 3.0 Stealth
 - Level 1.7 Spellcasting
 - Level 5.4 Hexes
 - Level 2.5 Necromancy
 - Level 2.5 Translocations


You had 4 spell levels left.
You knew the following spells:

 Your Spells              Type           Power        Failure   Level  Hunger
a - Corona                Hex            ###....      2%          1    ##.....
b - Slow                  Hex            ###.....     4%          2    ###....
c - Portal Projectile     Hex/Tloc       ##....       14%         3    ####...
d - Animate Skeleton      Necr           N/A          9%          1    ##.....

Your spell library contained the following spells:

 Spells                   Type           Power        Failure   Level  Hunger
 Confusing Touch          Hex            ###...       2%          1    ##.....
 Apportation              Tloc           #.....       9%          1    ##.....
 Summon Small Mammal      Summ           #...         24%         1    ##.....
 Inner Flame              Hex/Fire       #.......     24%         3    ####...
 Cause Fear               Hex            ###.......   26%         4    #####..
 Leda's Liquefaction      Hex/Erth       #.........   61%         4    #####..


Dungeon Overview and Level Annotations

Branches:
Dungeon (10/15)            Temple (1/1) D:7
   Lair: D:8-11         Orc: D:9-12

Altars:
Cheibriados
Dithmenos
Elyvilon
Fedhas
Gozag
Makhleb
Nemelex Xobeh
Okawaru
Qazlal
Ru
Sif Muna
Trog
Uskayaw
Vehumet
Wu Jian
Yredelemnul
Zin

Shops:
D:4 :   D:6 [

Annotations:
D:5 1 transporter
D:8 Erica


Innate Abilities, Weirdness & Mutations

You have hooves in place of feet.
Armour fits poorly on your strangely shaped body.
You cover ground very quickly.
You have extremely tough skin. (AC +3)


Message History

Erica is severely wounded.
Erica hits you with a +0 scimitar of flaming.
Erica burns you.
You hit Erica. You kick Erica!
Erica is almost dead.
Erica mumbles some strange words.
Erica flickers and vanishes!
Deactivating autopickup; reactivate with Ctrl-A.
You closely miss something.
You hear some strange, mumbled words.
Something tries to affect you, but you resist.
You hit something. Something hits you but does no damage.
You hit something. Something hits you but does no damage.
You hit something but do no damage. Something hits you. Something burns you.
You hit something. You kick something. Something hits you!
* * * LOW HITPOINT WARNING * * *
Something burns you.
* * * LOW HITPOINT WARNING * * *
You miss something. You kick something. Something hits you!
You die...

##. #.....##...... #.
## ..###...........#
#.##.#
#..#..#.......###
...... .....#......##
#
.....###..........##
# #....#...........#
#........####..####
#......##...#..#
#{@#.#.....<...#
.......##.#.#.##.#..#
..#.... #####.##.####
###.# ###### .. #..
.. ..#


There were no monsters in sight!

Vanquished Creatures
  A polar bear (D:8)
  Grinder (D:4)
  Prince Ribbit (D:8)
  Edmund (D:5)
  3 orc warriors
  An ice beast (D:8)
  A sky beast (D:5)
  A phantom (D:5)
  3 ogres
  A wolf (D:6)
  2 bullfrogs
  A wyvern zombie (D:8)
  5 scorpions
  A howler monkey (D:6)
  2 crimson imps (D:6)
  8 hounds
  4 orc priests
  4 orc wizards
  A gnoll shaman (D:4)
  2 iguanas
  5 worker ants
  A hound skeleton (D:6)
  4 gnolls (D:4)
  8 adders
  A worker ant simulacrum (D:8)
  An ufetubus (D:8)
  2 oozes
  A worm (D:2)
  A dart slug (D:4)
  A leopard gecko (D:3)
  36 orcs
  5 bats
  6 giant cockroaches
  10 goblins
  10 hobgoblins
  10 jackals
  13 kobolds
  6 quokkas
  2 ball pythons
  7 frilled lizards
  10 rats
184 creatures vanquished.

Notes
Turn   | Place    | Note
-------+----------+-------------------------------------------
     0 | D:1      | Faels the Centaur Arcane Marksman began the quest for the
                  | Orb.
     0 | D:1      | Reached XP level 1. HP: 16/16 MP: 2/2
   278 | D:1      | Reached XP level 2. HP: 23/23 MP: 3/3
   286 | D:1      | Reached skill level 3 in Bows
   831 | D:1      | Reached XP level 3. HP: 28/28 MP: 4/4
  2134 | D:2      | Reached XP level 4. HP: 36/36 MP: 6/6
  2399 | D:2      | Reached skill level 4 in Bows
  2466 | D:2      | Found a sacrificial altar of Ru.
  2794 | D:3      | Reached XP level 5. HP: 36/41 MP: 7/7
  3479 | D:4      | Reached skill level 1 in Short Blades
  3557 | D:4      | Noticed an ogre
  3576 | D:4      | Killed an ogre
  3576 | D:4      | Reached skill level 1 in Stealth
  3576 | D:4      | Reached XP level 6. HP: 48/48 MP: 6/8
  3804 | D:4      | Reached skill level 5 in Bows
  3927 | D:4      | Noticed an orc warrior
  4611 | D:4      | Reached XP level 7. HP: 49/55 MP: 9/9
  4647 | D:4      | Found Ufupsiof's Book Emporium.
  5516 | D:3      | Learned a level 2 spell: Slow
  5526 | D:3      | Learned a level 3 spell: Portal Projectile
  5694 | D:4      | Reached skill level 6 in Bows
  5883 | D:5      | Entered Level 5 of the Dungeon
  5883 | D:5      | Found a snail-covered altar of Cheibriados.
  5949 | D:5      | Learned a level 1 spell: Animate Skeleton
  6088 | D:5      | Noticed Edmund
  6123 | D:5      | Killed Edmund
  6200 | D:5      | Noticed Grinder
  6310 | D:4      | Paralysed by Grinder for 5 turns
  6837 | D:4      | Killed Grinder
  6837 | D:4      | Reached skill level 5 in Hexes
  6837 | D:4      | Reached skill level 1 in Necromancy
  6837 | D:4      | Reached skill level 1 in Translocations
  6837 | D:4      | Reached XP level 8. HP: 50/61 MP: 10/10
  7104 | D:5      | Found a transporter.
  7189 | D:5      | Found a transporter.
  7367 | D:5      | Reached skill level 7 in Bows
  7621 | D:6      | Found an ornate altar of the Wu Jian Council.
  7840 | D:6      | Found Nuowisch's Antique Armour Shop.
  8250 | D:6      | Reached skill level 8 in Bows
  8390 | D:6      | Found a bloodstained altar of Trog.
  8666 | D:6      | Reached XP level 9. HP: 56/67 MP: 11/11
  8730 | D:7      | Found a burning altar of Makhleb.
  8732 | D:7      | Found a stormy altar of Qazlal.
  8778 | D:7      | Reached skill level 9 in Bows
  8874 | D:7      | Found a staircase to the Ecumenical Temple.
  8884 | Temple   | Entered the Ecumenical Temple
  8973 | Temple   | Became a worshipper of Warmaster Okawaru
  9064 | D:7      | Found a shadowy altar of Dithmenos.
  9195 | D:7      | Found a glowing silver altar of Zin.
  9556 | D:8      | Reached skill level 10 in Bows
  9726 | D:8      | Noticed a polar bear
  9762 | D:8      | Killed a polar bear
 10008 | D:8      | Noticed Prince Ribbit
 10062 | D:8      | Killed Prince Ribbit
 10062 | D:8      | Reached * piety under Okawaru
 10062 | D:8      | Reached skill level 11 in Bows
 10196 | D:8      | You fall into a shaft and drop 2 floors!
 10196 | D:10     | Entered Level 10 of the Dungeon
 10951 | D:7      | Reached skill level 12 in Bows
 11052 | D:8      | Noticed Erica
 11079 | D:8      | Slain by Erica

Levels and vault maps discovered:
D:1:      lightli_arrival_farm, layout_loops_corners, minmay_nonomino_d4
D:2:      layout_rooms, nicolae_overflow_crystal_walls
D:3:      layout_basic
D:4:      layout_rooms, serial_shops, shop, first_ration,
          guppyfry_early_orc_mine
D:5:      gammafunk_cloud_chamber, layout_basic, lemuel_crystal_altar,
          uniq_grinder, uniq_edmund
D:6:      layout_rooms, kennysheep_mini_moat, lemuel_crystal_altar,
          serial_shops, nicolae_shop_stone
D:7:      layout_rooms, gammafunk_temple_overflow_forgotten,
          lemuel_doored_altar, temple_hall
D:8:      layout_cave_pools, serial_ice, serial_ice_c, serial_ice_a,
          serial_ice_m, serial_ice_f, basic_altar, uniq_prince_ribbit1,
          uniq_erica
D:9:      layout_stronghold, kennysheep_mini,
          chequers_temple_overflow_statue_of_worship, erik_lair_orcish_takeover
D:10:     layout_gridville
Temple:   dpeg_three_leaves_temple
